 Dungeon Crawl Stone Soup version 0.27.0-1-g7a089689b8 (webtiles) character file.

Game seed: 12867450156339587571

218 EnegeticOcto the Chopper (level 5, -3/47 HPs)
             Began as a Minotaur Fighter on Aug 9, 2021.
             Slain by Grinder (6 damage)
             ... on level 3 of the Dungeon.
             The game lasted 00:00:56 (2303 turns).

EnegeticOcto the Chopper (Minotaur Fighter)         Turns: 2303, Time: 00:00:57

Health: -3/47      AC: 10    Str: 21    XL:     5   Next: 63%
Magic:  4/4        EV:  7    Int:  5    God:
Gold:   61         SH:  9    Dex: 10    Spells: 4/4 levels left

rFire    . . .     SeeInvis .   a - +0 war axe
rCold    . . .     Faith    .   c - +0 kite shield
rNeg     . . .     Spirit   .   b - +0 scale mail
rPois    .         Reflect  .   (helmet restricted)
rElec    .         Harm     .   (no cloak)
rCorr    .         Rampage  +   (no gloves)
Will     .....                  i - +2 pair of boots {rampage}
Stlth    ..........             (no amulet)
HPRegen  0.15/turn              (no ring)
MPRegen  0.09/turn              (no ring)

@: no status effects
A: horns 2, retaliatory headbutt
a: no special abilities


You were on level 3 of the Dungeon.
You visited 1 branch of the dungeon, and saw 3 of its levels.

You collected 61 gold pieces.

Inventory:

Hand Weapons
 a - a +0 war axe (weapon)
Armour
 b - a +0 scale mail (worn)
 c - a +0 kite shield (worn)
 i - a +2 pair of boots of rampaging (worn)
Jewellery
 m - a ring of poison resistance
Scrolls
 e - a scroll of teleportation {unknown}
 f - a scroll of fog {unknown}
 h - 2 scrolls of magic mapping {unknown}
 j - 2 scrolls of blinking {unknown}
Potions
 d - a potion of might {@q3}
 g - a potion of magic {unknown}
 k - 2 potions of curing {unknown}
 l - a potion of invisibility {unknown}


   Skills:
 + Level 4.6 Fighting
 * Level 4.9 Axes
 + Level 4.7 Armour
 + Level 4.7 Shields


You had 4 spell levels left.
You didn't know any spells.
Your spell library was empty.

Dungeon Overview and Level Annotations

Branches:
Dungeon (3/15)

Altars:

Annotations:
D:3 Grinder


Innate Abilities, Weirdness & Mutations

You have a pair of horns on your head.
You reflexively headbutt those who attack you in melee.


Message History

Grinder hits you!
You writhe in agony.
You block the adder's attack.
The jackal bites you but does no damage.
The jackal bites you. You block Grinder's attack.
The adder bites you but does no damage. The jackal barely misses you.
You hit Grinder but do no damage.
Grinder is heavily wounded.
You closely miss the adder. You barely miss the jackal. You slash the jackal!
You kill the jackal!
You block the jackal's attack. You block the adder's attack.
Grinder gestures at you. You resist with significant effort.
The jackal bites you but does no damage.
You closely miss Grinder.
Grinder is heavily wounded.
You barely miss the jackal. You miss the adder. You block the adder's attack.
Grinder gestures at you. Pain shoots through your body!
The jackal bites you but does no damage.
You block the adder's attack. You block Grinder's attack.
You block the jackal's attack.
You are too injured to fight recklessly!
You are too injured to fight recklessly!
You are too injured to fight recklessly!
You are too injured to fight recklessly!
You are too injured to fight recklessly!
You are too injured to fight recklessly!
You are too injured to fight recklessly!
You are too injured to fight recklessly!
You are too injured to fight recklessly!
You are too injured to fight recklessly!
You are too injured to fight recklessly!
You are too injured to fight recklessly!
You are too injured to fight recklessly!
You are too injured to fight recklessly!
You are too injured to fight recklessly!
You are too injured to fight recklessly!
You closely miss Grinder. Your headbutt misses Grinder.
Grinder is heavily wounded.
You hit the adder. You hit the jackal.
You kill the jackal!
The adder bites you but does no damage. x2; You block Grinder's attack.
You slash Grinder! Your headbutt misses Grinder.
Grinder is almost dead.
You miss the adder. You block the adder's attack. Grinder gestures at you.
Pain shoots through your body!
* * * LOW HITPOINT WARNING * * *
The adder closely misses you. Grinder hits you but does no damage.
You hit Grinder.
Grinder is almost dead.
You barely miss the adder. You block the adder's attack.
A quokka comes into view.
The adder bites you but does no damage. You block Grinder's attack.
You barely miss Grinder.
Grinder is almost dead.
You barely miss the adder. The adder bites you but does no damage.
Grinder blinks!
The adder bites you but does no damage.
You barely miss the adder. You headbutt the adder.
The adder is heavily wounded.
The adder closely misses you.
Grinder says, "Don't move a muscle."
You block the adder's attack. The adder bites you but does no damage.
Grinder blinks!
You barely miss the adder. Your headbutt misses the adder.
The adder is heavily wounded.
You block the adder's attack. x2; Grinder blinks!
You hit the adder. Your headbutt misses the adder.
The adder is almost dead.
The adder barely misses you. The adder bites you but does no damage.
You hit the quokka.
The quokka is heavily wounded.
You closely miss the adder. The adder bites you but does no damage.
The quokka barely misses you. You block the adder's attack.
The quokka bites you.
* * * LOW HITPOINT WARNING * * *
You closely miss the quokka. Your headbutt misses the quokka.
The quokka is heavily wounded.
You hit the adder.
You kill the adder!
You block the quokka's attack.
You hit the quokka but do no damage.
The quokka is heavily wounded.
You block the quokka's attack. x2
A worm comes into view.
You hit the quokka. You headbutt the quokka.
You kill the quokka!
Grinder gestures at you. Pain shoots through your body!
* * * LOW HITPOINT WARNING * * *
There is a stone staircase leading up here.
You closely miss Grinder. You headbutt Grinder.
Grinder is almost dead.
Grinder hits you.
* * * LOW HITPOINT WARNING * * *
You writhe in agony.
* * * LOW HITPOINT WARNING * * *
You closely miss Grinder.
Grinder is almost dead.
Grinder hits you.
You die...

##......... .
#..........
#.####....>.....
#......†........
#.......(.......
#........†......
#..>.........#..
#....)!...w#....
#=..)...@5.# ...
#...............
#...............
#...............
#........##)....
#......... .....
......... .....
....#.... ....


You could see Grinder and a worm.

Vanquished Creatures
  Natasha (thrice) (D:2)
  5 gnolls
  4 adders
  3 dart slugs
  3 ball pythons
  An endoplasm (D:1)
  2 giant cockroaches (D:1)
  7 goblins
  11 hobgoblins
  4 jackals (D:3)
  A quokka (D:3)
  6 bats
  A frilled lizard (D:2)
  6 kobolds
  2 rats
59 creatures vanquished.

Notes
Turn   | Place    | Note
-------+----------+-------------------------------------------
     0 | D:1      | EnegeticOcto the Minotaur Fighter began the quest for the
                  | Orb.
     0 | D:1      | Reached XP level 1. HP: 19/19 MP: 0/0
    74 | D:1      | Reached XP level 2. HP: 27/27 MP: 1/1
   487 | D:1      | Reached XP level 3. HP: 16/33 MP: 2/2
  1408 | D:2      | Reached XP level 4. HP: 38/40 MP: 3/3
  1545 | D:2      | Noticed Natasha
  1547 | D:2      | Killed Natasha
  1578 | D:2      | Noticed Natasha
  1586 | D:2      | Killed Natasha
  1698 | D:2      | Reached XP level 5. HP: 42/47 MP: 4/4
  2181 | D:2      | Noticed Natasha
  2188 | D:2      | Killed Natasha
  2275 | D:3      | Noticed Grinder
  2303 | D:3      | Slain by Grinder

Illustrated notes

Levels and vault maps discovered:
D:1:      eino_arrival_cavern_d, layout_loops_corners
D:2:      cheibrodos_greedy_goblins, layout_loops_cross, palyth_stone_intersect,
          uniq_natasha
D:3:      layout_rooms, mainiacjoe_overflow_catwalk,
          nicolae_qazlal_eye_of_the_storm, uniq_grinder

Skill      XL: |  1  2  3  4 |
---------------+-------------+-----
Axes           | 3 4 |  4.9
Armour         | 4 |  4.7
Shields        | 4 |  4.7
Fighting       | 4 |  4.6

Action                   |  1- 3 |  4- 6 || total
-------------------------+-------+-------++-------
Melee: War axe           |    62 |    72 ||   134
       Headbutt          |     8 |     7 ||    15
Armor: Scale mail        |    28 |    62 ||    90
Dodge: Dodged            |    19 |    21 ||    40
Block: Kite shield       |    40 |    61 ||   101
